 Dungeon Crawl Stone Soup version 0.26-b1-32-g5d43845318 (webtiles) character file.

Game seed: 17859930581226137824

68 Borgoz the Cudgeller (level 4, -1/37 HPs)
             Began as a Ghoul Gladiator on Jan 13, 2021.
             Slain by a gnoll
             ... wielding a +0 halberd
              (7 damage)
             ... on level 2 of the Dungeon.
             The game lasted 00:01:13 (1687 turns).

Borgoz the Cudgeller (Ghoul Gladiator)              Turns: 1687, Time: 00:01:13

Health: -1/37      AC:  5    Str: 17    XL:     4   Next: 19%
Magic:  3/3        EV:  6    Int:  3    God:
Gold:   45         SH:  0    Dex: 11    Spells: 3/3 levels left

rFire    . . .     SeeInvis .   a - +0 flail
rCold    + . .     Faith    .   (no shield)
rNeg     + + +     Spirit   .   b - +0 leather armour
rPois    ∞         Reflect  .   c - +0 helmet
rElec    .         Harm     .   (no cloak)
rCorr    .         Rampage  .   o - +0 pair of gloves
Will     .....                  (no boots)
Stlth    ++........             (no amulet)
HPRegen  0.00/turn              j - ring of stealth
MPRegen  0.08/turn              (no ring)

@: held
A: claws 1, cold resistance 1, negative energy resistance 3, inhibited
regeneration, torment resistance, unbreathing
a: no special abilities


You were on level 2 of the Dungeon.
You visited 1 branch of the dungeon, and saw 2 of its levels.

You collected 45 gold pieces.

Inventory:

Hand Weapons
 a - a +0 flail (weapon)
Missiles
 d - 3 throwing nets (quivered)
Armour
 b - a +0 leather armour (worn)
 c - a +0 helmet (worn)
 o - a +0 pair of gloves (worn)
Jewellery
 j - a ring of stealth (left hand)
Scrolls
 e - a scroll of teleportation {unknown}
 h - 2 scrolls of remove curse {unknown}
 i - 2 scrolls of fear {unknown}
 l - a scroll of amnesia {unknown}
Potions
 f - 2 potions of berserk rage {unknown}
 g - 3 potions of curing {unknown}
 k - a potion of attraction {unknown}
 m - a potion of haste


   Skills:
 + Level 2.7 Fighting
 * Level 3.3 Maces & Flails
 - Level 1.7 Throwing
 * Level 1.5 Armour
 * Level 3.2 Dodging


You had 3 spell levels left.
You didn't know any spells.
Your spell library was empty.

Dungeon Overview and Level Annotations

Branches:
Dungeon (2/15)

Altars:


Innate Abilities, Weirdness & Mutations

You thrive by killing the living.
You are immune to poison.
You have sharp fingernails.
Your flesh is cold resistant. (rC+)
You are immune to negative energy. (rN+++)
You do not regenerate when monsters are visible.
You are immune to unholy pain and torment.
You can survive without breathing.


Message History

You kill the adder!
The gnoll hits you but does no damage.
You hit the leopard gecko.
The leopard gecko is heavily wounded.
The leopard gecko completely misses you.
The gnoll barely misses you. The leopard gecko barely misses you.
You hit the leopard gecko but do no damage.
The leopard gecko is heavily wounded.
The leopard gecko barely misses you.
The gnoll hits you from afar with a +0 halberd!
* * * LOW HITPOINT WARNING * * *
You are too injured to fight recklessly!
The gnoll barely misses you.
The gnoll throws a throwing net.
The throwing net hits you.
You become entangled in the net!
The leopard gecko bites you.
* * * LOW HITPOINT WARNING * * *
You see here a throwing net.
You struggle against the net.
The gnoll barely misses you.
The gnoll hits you from afar with a +0 halberd!
You die...

#...... .......
###†#.....
#...#.....
###...=.....
##.......!...
#####.g.g.....#..
#....$lg.g.......
#.#...@......##.#
#.......†).### .#
....##......###..#
...# #...#........
.
.#####..##.?!##..#
#. #...>.....## .
...##.........##
..............## .
#.
#..†.../....###..


You could see 3 gnolls, a leopard gecko and a hobgoblin.

Vanquished Creatures
  2 adders (D:2)
  3 dart slugs
  2 leopard geckos
  2 ball pythons (D:2)
  3 bats (D:1)
  3 giant cockroaches
  9 goblins
  2 hobgoblins (D:1)
  2 frilled lizards
  6 kobolds (D:1)
  6 rats (D:1)
40 creatures vanquished.

Notes
Turn   | Place    | Note
-------+----------+-------------------------------------------
     0 | D:1      | Borgoz the Ghoul Gladiator began the quest for the Orb.
     0 | D:1      | Reached XP level 1. HP: 17/17 MP: 0/0
   106 | D:1      | Reached XP level 2. HP: 3/24 MP: 1/1
   829 | D:1      | Reached skill level 1 in Armour
   829 | D:1      | Reached XP level 3. HP: 15/30 MP: 2/2
  1661 | D:2      | Reached XP level 4. HP: 34/37 MP: 3/3
  1687 | D:2      | Slain by a gnoll

Illustrated notes

Levels and vault maps discovered:
D:1:      matt_arrival_spirals, layout_rooms, serial_rivers,
          chequers_serial_rivers_small_a, chequers_serial_rivers_large_b,
          chequers_serial_rivers_small_3, chequers_serial_rivers_micro_d,
          minmay_misc_feat_diagonals
D:2:      layout_rooms, cheibriados_altar_1, palyth_stone_intersect

Skill      XL: |  1  2 |
---------------+-------+-----
Maces & Flails | 3 |  3.3
Dodging        | 3 |  3.2
Armour         | 1 |  1.5
Fighting       | |  2.7
Throwing       | |  1.7

Action                   |  1- 3 |  4- 6 || total
-------------------------+-------+-------++-------
Melee: Flail             |   120 |    14 ||   134
  Use: Potion            |     1 |       ||     1
Armor: Leather armour    |    43 |     6 ||    49
Dodge: Dodged            |    79 |    12 ||    91
